 Dungeon Crawl Stone Soup version 0.28-a0-691-gad6df49e81 (webtiles) character file.

Game seed: 13155156532754854343

160 cheechan the Shooter (level 5, -5/48 HPs)
             Began as a Naga Hunter on Oct 21, 2021.
             Slain by Terence (11 damage)
             ... on level 3 of the Dungeon.
             The game lasted 00:09:23 (2183 turns).

cheechan the Shooter (Naga Hunter)                  Turns: 2183, Time: 00:09:24

Health: -5/48      AC:  5    Str: 20    XL:     5   Next: 41%
Magic:  5/5        EV:  9    Int: 12    God:
Gold:   23         SH:  0    Dex: 12    Spells: 4/4 levels left

rFire   + . .      SeeInvis +   j - +0 dagger (speed)
rCold   . . .      Faith    .   (no shield)
rNeg    . . .      Spirit   .   g - +1 ring mail {rF+}
rPois   +          Reflect  .   (no helmet)
rElec   .          Harm     .   (no cloak)
rCorr   .          Rampage  .   (no gloves)
Will    .....                   (no barding)
Stlth   +.........              (no amulet)
HPRegen 0.16/turn               h - +6 ring of strength
MPRegen 0.09/turn               (no ring)

@: very slow
A: AC +1, large, see invisible, deformed body, poison resistance, slowness 2,
spit poison 1, naga tail 1
a: Spit Poison


You were on level 3 of the Dungeon.
You visited 1 branch of the dungeon, and saw 3 of its levels.

You collected 71 gold pieces.
You spent 48 gold pieces at shops.

Inventory:

Hand Weapons
 a - a +1 shortbow
 b - a +0 short sword
 j - a +0 dagger of speed (weapon)
Missiles
 d - 23 arrows
 f - 31 stones (quivered)
 m - 7 bolts
 o - 6 javelins
Armour
 c - a +1 leather armour
 g - a +1 ring mail of fire resistance (worn)
Magical Staves
 n - a staff of conjuration
Jewellery
 h - a +6 ring of strength (left hand)
Scrolls
 i - a scroll of silence
Potions
 l - 2 potions of resistance


   Skills:
 + Level 2.9 Fighting
 + Level 5.2 Bows
 + Level 1.0 Armour
 + Level 1.7 Dodging
 + Level 1.8 Stealth


You had 4 spell levels left.
You didn't know any spells.
Your spell library contained the following spells:

 Spells                   Type           Power      Damage    Failure   Level
 Animate Skeleton         Necr           0%         N/A       50%         1
 Apportation              Tloc           0%         N/A       50%         1
 Summon Small Mammal      Summ           0%         N/A       50%         1


Dungeon Overview and Level Annotations

Branches:
Dungeon (3/15)

Altars:

Shops:
D:3 *

Annotations:
D:3 Terence


Innate Abilities, Weirdness & Mutations

Your serpentine skin is tough. (AC +1)
You have supernaturally acute eyesight. (SInv)
Armour fits poorly on your strangely shaped body.
Your system is resistant to poisons. (rPois)
You cover ground very slowly.
You can spit poison.
You have a snake-like lower body.


Message History

Terence is moderately wounded.
Terence says, "Don't bother to defend, it's senseless."
Terence hits you with a +0 flail!
You hit Terence but do no damage.
Terence is moderately wounded.
Terence closely misses you.
You barely miss Terence.
Terence is moderately wounded.
You hit Terence.
Terence is heavily wounded.
Terence hits you with a +0 flail.
You hit Terence but do no damage.
Terence is heavily wounded.
Terence hits you with a +0 flail!
* * * LOW HITPOINT WARNING * * *
You feel better. Terence hits you with a +0 flail!
* * * LOW HITPOINT WARNING * * *
You barely miss Terence.
Terence is heavily wounded.
You barely miss Terence.
Terence is heavily wounded.
Terence hits you with a +0 flail.
* * * LOW HITPOINT WARNING * * *
You hit Terence but do no damage.
Terence is heavily wounded.
Terence misses you.
You hit Terence but do no damage.
Terence is heavily wounded.
You closely miss Terence.
Terence is heavily wounded.
Terence barely misses you.
You barely miss Terence.
Terence is heavily wounded.
Terence closely misses you.
You completely miss Terence.
Terence is heavily wounded.
You barely miss Terence.
Terence is heavily wounded.
Terence hits you with a +0 flail!
You die...

#########
.......#
###.....###
..........###
#####
#.....#.#..
.....
#.....#.#.# ##
###.#@#.#.# #
#.#@#.#.# #
#.#.#.#.#
#.#.#.#.#####
##.#.........#
#........###.#
#....##### #.#
#$.....?.# #.#
##.......# #.#


You could see Terence.

Vanquished Creatures
  A phantom (D:3)
  2 adders
  A gnoll (D:1)
  4 worms
  A dart slug (D:1)
  6 ball pythons
  2 endoplasms (D:2)
  A goblin (D:1)
  6 hobgoblins
  5 jackals
  A quokka (D:1)
  4 bats
  5 frilled lizards (D:2)
  3 kobolds
  4 rats (D:1)
46 creatures vanquished.

Notes
Turn   | Place    | Note
-------+----------+-------------------------------------------
     0 | D:1      | cheechan the Naga Hunter began the quest for the Orb.
     0 | D:1      | Reached XP level 1. HP: 19/19 MP: 1/1
   422 | D:1      | Reached skill level 4 in Bows
   422 | D:1      | Reached XP level 2. HP: 26/26 MP: 2/2
   963 | D:1      | Reached XP level 3. HP: 32/32 MP: 3/3
  1286 | D:2      | Found a faded altar of an unknown god.
  1495 | D:2      | Reached XP level 4. HP: 40/40 MP: 4/4
  1769 | D:3      | Noticed a phantom
  1783 | D:3      | Killed a phantom
  1784 | D:3      | Reached skill level 5 in Bows
  1784 | D:3      | Reached XP level 5. HP: 36/48 MP: 5/5
  2006 | D:3      | Found Ciroethreed's General Store.
  2015 | D:3      | Bought a scroll of identify for 24 gold pieces
  2015 | D:3      | Bought a scroll of identify for 24 gold pieces
  2108 | D:3      | Reached skill level 1 in Armour
  2124 | D:3      | Noticed Terence
  2183 | D:3      | Slain by Terence

Illustrated notes

Levels and vault maps discovered:
D:1:      co_arrival_square_in_a_square_in_a_square, layout_loops_cross
D:2:      layout_basic, basic_ecumenical_altar
D:3:      layout_loops_ring, serial_shops, nicolae_shop_waterfront, uniq_terence

Skill      XL: |  1  2  3  4  5 |
---------------+----------------+-----
Bows           | 4 5 |  5.2
Armour         | 1 |  1.0
Fighting       | |  2.9
Dodging        | |  1.7
Stealth        | |  1.8

Action                   |  1- 3 |  4- 6 || total
-------------------------+-------+-------++-------
Melee: Dagger            |       |    48 ||    48
 Fire: Shortbow          |    86 |    44 ||   130
  Use: Scroll            |     2 |     3 ||     5
       Potion            |       |     2 ||     2
Armor: Leather armour    |    12 |       ||    12
       Ring mail         |     3 |     8 ||    11
Dodge: Dodged            |    25 |    27 ||    52

Table legend: (Time is in decaauts)
 A = Elapsed time spent in this place.
 B = Non-inter-level travel time spent in this place.
 C = Inter-level travel time spent in this place.
 D = Time resting spent in this place.
 E = Time spent auto-exploring this place.
 F = Levels seen in this place.
 G = Mean time per level.
                   A        B        C        D        E       F      G
               +--------+--------+--------+--------+--------+-----+--------+
         Total |   2807 |   2807 |      0 |    284 |      0 |   3 |  935.7 |
       Dungeon |   2807 |   2807 |      0 |    284 |      0 |   3 |  935.7 |
               +--------+--------+--------+--------+--------+-----+--------+

Top non-repeatable levels by time:
     D:1: 1531 daAuts
     D:2: 749 daAuts
     D:3: 527 daAuts
